 Dungeon Crawl Stone Soup version 0.31.0-11-ge490571c62 (webtiles) character file.

Game seed: 10526169015807463179

3 Arcadio the Sneak (level 1, 0/19 HPs)
             Began as a Draconian Delver on Jan 30, 2024.
             Slain by a hound (4 damage)
             ... on level 5 of the Dungeon.
             The game lasted 00:00:17 (84 turns).

Arcadio the Sneak (Draconian Delver)                  Turns: 84, Time: 00:00:18

Health: 0/19       AC:  4    Str: 14    XL:     1   Next: 41%
Magic:  1/1        EV: 12    Int: 10    God:
Gold:   11         SH:  0    Dex: 12    Spells: 0/0 levels left

rFire   . . .        a - +0 mace
rCold   . . .        (no shield)
rNeg    . . .        (body armour unavailable)
rPois   .            (helmet restricted)
rElec   .            (no cloak)
rCorr   .            (no gloves)
SInv    .            (no boots)
Will    .....        g - amulet of magic regeneration
Stlth   +++          (no ring)
HPRegen 0.23/turn    (no ring)
MPRegen 0.47/turn

%: no passive effects
@: no status effects
A: AC +4, unfitting armour, cold-blooded
a: no special abilities


You were on level 5 of the Dungeon.
You visited 1 branch of the dungeon, and saw 1 of its levels.

You collected 11 gold pieces.

Inventory:

Hand Weapons
 a - a +0 mace (weapon)
Jewellery
 g - an amulet of magic regeneration (around neck)
Wands
 f - a wand of digging (3)
Scrolls
 b - a scroll of fog
 c - a scroll of revelation
 d - a scroll of fear
 h - a scroll of teleportation {unknown}
Potions
 e - a potion of haste


   Skills:
 + Level 3.3 Fighting
 + Level 2.0 Maces & Flails
 + Level 1.8 Dodging
 + Level 4.5 Stealth


You couldn't memorise any spells.
You didn't know any spells.
Your spell library was empty.

Dungeon Overview and Level Annotations

Branches:
Dungeon (5/15)
 Temple: D:4-7

Altars:


Innate Abilities, Weirdness & Mutations

Your plain brown scales are hard. (AC +4)
You cannot fit into any form of body armour.
You are cold-blooded and may be slowed by cold attacks.


Message History

You see here 11 gold pieces.
You now have 11 gold pieces.
You barely miss the orc. The orc hits you with a +0 club.
The orc closely misses you.
You hit the orc. You tail-slap the orc.
The orc is severely wounded.
The orc hits you with a +0 club.
You completely miss the orc.
The orc is severely wounded.
The orc misses you.
You completely miss the orc.
The orc is severely wounded.
The orc hits you with a +0 club. The orc barely misses you.
You closely miss the orc.
Your tail-slap misses the orc.
The orc is severely wounded.
The orc closely misses you.
You thump the orc!
You kill the orc!
A hound comes into view.
Things that are here:
a +0 club; a +0 leather armour; an orc corpse The hound barks!
A hound is nearby!
You completely miss the hound. The hound bites you but does no damage.
The hound misses you.
You closely miss the hound.
Your tail-slap misses the hound.
The hound misses you. The hound bites you.
You miss the hound. You tail-slap the hound.
The hound is moderately wounded.
The hound bites you. The hound barely misses you.
You miss the hound.
The hound is moderately wounded.
The hound closely misses you. The hound bites you.
You closely miss the hound.
The hound is moderately wounded.
The hound barely misses you. The hound bites you.
You barely miss the hound.
Your tail-slap misses the hound.
The hound is moderately wounded.
The hound bites you.
You die...

... ######
#...###....#
...........#
..##......##
..........##
...........####
..............#
.##........)..#
........@.#.##
..#####h.########
.. #......#.....#
#...##.......#
#..##.......##
....##.......#
#...##........##
#..............#
..............##


You could see a hound.

Vanquished Creatures
  An orc (D:5)
  A quokka (D:5)
2 creatures vanquished.

Notes
Turn   | Place    | Note
-------+----------+-------------------------------------------
     0 | D:5      | Arcadio the Draconian Delver began the quest for the Orb.
     0 | D:5      | Reached XP level 1. HP: 19/19 MP: 1/1
    75 | D:5      | Noticed a hound
    84 | D:5      | Slain by a hound

Illustrated notes

Levels and vault maps discovered:
D:5:      layout_cave_pools, uniq_crazy_yiuf_cottage, uniq_eustachio, uniq_ijyb

Action                     || total
---------------------------++-------
  Melee: Mace              ||    18
         Tailslap          ||     3
 Armour: Skin              ||    10
  Dodge: Dodged            ||    16
